MLB
TEXAS RANGERS @ TAMPA BAY RAYS
04/17/2018
 
TOP OF THE 1ST
Texas Rangers batting - Pitching for Tampa Bay Rays : RHP Jake Arrieta
Pitching: RHP Jake Arrieta
Batting: LHB Ender Inciarte 0-0: Swinging Strike
0-1: Ball
1-1: Foul Ball, location: 2F
1-2: Ball
2-2: Foul Ball, location: 2F
2-2: Ball
3-2: Fly out, F7 (Flyball, 78M)
Batting: SHB Cesar Hernandez 0-0: Ball
1-0: Ball
2-0: Foul Ball, location: 2F
2-1: Ball
3-1: Foul Ball, location: 2F
3-2: Ground out 1-3 (Groundball, P)
Batting: LHB Bryce Harper 0-0: Ball
1-0: Ball
2-0: Ball
3-0: Called Strike
3-1: Swinging Strike
3-2: Foul Ball, location: 2F
3-2: Base on Balls
Batting: LHB Eric Thames 0-0: Fly out, F8 (Flyball, 8RXD)
Top of the 1st over - 0 runs, 0 hits, 0 errors, 1 left on base; Texas 0 - Tampa Bay 0
BOTTOM OF THE 1ST
Tampa Bay Rays batting - Pitching for Texas Rangers : RHP Yonny Chirinos
Pitching: RHP Yonny Chirinos
Batting: LHB Michael Conforto 0-0: Ball
1-0: SOLO HOME RUN (Flyball, 89XD), Distance : 380 ft
Batting: RHB Gary Sanchez 0-0: Ball
1-0: SINGLE (Line Drive, 56)
Batting: LHB Joey Votto 0-0: Called Strike
0-1: Foul Ball, location: 2F
0-2: Ball
1-2: Ball
2-2: SINGLE (Flyball, 34D)
Gary Sanchez to second
Batting: RHB A.J. Pollock 0-0: Swinging Strike
0-1: Called Strike
0-2: Grounds into double play, 4-6-3 (Groundball, 4)
Gary Sanchez to third
Batting: LHB Adam Eaton 0-0: Ground out 4-3 (Groundball, 4M)
Bottom of the 1st over - 1 run, 3 hits, 0 errors, 1 left on base; Texas 0 - Tampa Bay 1
TOP OF THE 2ND
Texas Rangers batting - Pitching for Tampa Bay Rays : RHP Jake Arrieta
Batting: SHB Jeimer Candelario 0-0: Foul Ball, location: 2F
0-1: Called Strike
0-2: Foul Ball, location: 2F
0-2: Ball
1-2: Foul Ball, location: 2F
1-2: Ball
2-2: Fly out, F9 (Flyball, 89D)
Batting: RHB Andrelton Simmons 0-0: Ball
1-0: Fly out, F7 (Flyball, 7S)
Batting: LHB Joc Pederson 0-0: Ball
1-0: SINGLE (Flyball, 89M)
Batting: SHB Asdrubal Cabrera 0-0: Ball
1-0: Ball
2-0: Called Strike
2-1: Swinging Strike
2-2: Strikes out swinging
Top of the 2nd over - 0 runs, 1 hit, 0 errors, 1 left on base; Texas 0 - Tampa Bay 1
BOTTOM OF THE 2ND
Tampa Bay Rays batting - Pitching for Texas Rangers : RHP Yonny Chirinos
Batting: RHB Adrian Beltre 0-0: Ball
1-0: Fly out, F3 (Popup, 3SF)
Batting: SHB Neil Walker 0-0: Called Strike
0-1: Ball
1-1: Ball
2-1: SOLO HOME RUN (Flyball, 9LD), Distance : 331 ft
Batting: SHB Robbie Grossman 0-0: Ball
1-0: Foul Ball, location: 2F
1-1: Called Strike
1-2: Ball
2-2: Ball
3-2: Ground out U3 (Groundball, 34S)
Batting: RHB Matt Duffy 0-0: Foul Ball, location: 2F
0-1: Fly out, F7 (Flyball, 78S)
Bottom of the 2nd over - 1 run, 1 hit, 0 errors, 0 left on base; Texas 0 - Tampa Bay 2
TOP OF THE 3RD
Texas Rangers batting - Pitching for Tampa Bay Rays : RHP Jake Arrieta
Batting: LHB Miguel Montero 0-0: Ground out 4-3 (Groundball, 4)
Batting: LHB Ender Inciarte 0-0: Called Strike
0-1: Foul Ball, location: 2F
0-2: Ball
1-2: Strikes out swinging
Batting: SHB Cesar Hernandez 0-0: Foul Ball, location: 2F
0-1: Ball
1-1: Foul Ball, location: 2F
1-2: Ball
2-2: Ball
3-2: Foul Ball, location: 2F
3-2: Strikes out swinging
Top of the 3rd over - 0 runs, 0 hits, 0 errors, 0 left on base; Texas 0 - Tampa Bay 2
BOTTOM OF THE 3RD
Tampa Bay Rays batting - Pitching for Texas Rangers : RHP Yonny Chirinos
Batting: LHB Michael Conforto 0-0: Ball
1-0: Ball
2-0: Called Strike
2-1: Foul Ball, location: 2F
2-2: SINGLE (Line Drive, 89S)
Batting: RHB Gary Sanchez 0-0: Ball
1-0: Foul Ball, location: 2F
1-1: Foul Ball, location: 2F
1-2: Foul Ball, location: 2F
1-2: Ball
2-2: Fly out, F9 (Flyball, 89S)
Batting: LHB Joey Votto 0-0: Ball
1-0: Fly out, F7 (Line Drive, 7)
Batting: RHB A.J. Pollock 0-0: Called Strike
0-1: Ball
1-1: Ball
2-1: Called Strike
2-2: SINGLE (Line Drive, 3D)
Michael Conforto to second
Runner from 2nd tries for 3rd, SAFE, no throw
Batting: LHB Adam Eaton 0-0: Called Strike
0-1: Foul Ball, location: 2F
0-2: Ground out 4-3 (Groundball, 4S)
Bottom of the 3rd over - 0 runs, 2 hits, 0 errors, 2 left on base; Texas 0 - Tampa Bay 2
TOP OF THE 4TH
Texas Rangers batting - Pitching for Tampa Bay Rays : RHP Jake Arrieta
Batting: LHB Bryce Harper 0-0: Ball
1-0: Foul Ball, location: 2F
1-1: Foul Ball, location: 2F
1-2: Foul Ball, location: 2F
1-2: Strikes out looking
Batting: LHB Eric Thames 0-0: Ball
1-0: Swinging Strike
1-1: Ball
2-1: Foul Ball, location: 2F
2-2: Ball
3-2: Foul Ball, location: 2F
3-2: Fly out, F7 (Line Drive, 7D)
Batting: SHB Jeimer Candelario 0-0: Called Strike
0-1: Ball
1-1: Foul Ball, location: 2F
1-2: Ball
2-2: Foul Ball, location: 2F
2-2: Ball
3-2: Fly out, F8 (Flyball, 8LS)
Top of the 4th over - 0 runs, 0 hits, 0 errors, 0 left on base; Texas 0 - Tampa Bay 2
BOTTOM OF THE 4TH
Tampa Bay Rays batting - Pitching for Texas Rangers : RHP Yonny Chirinos
Batting: RHB Adrian Beltre 0-0: Ball
1-0: SOLO HOME RUN (Flyball, 78XD), Distance : 400 ft
Batting: SHB Neil Walker 0-0: Swinging Strike
0-1: Ball
1-1: Ball
2-1: Foul Ball, location: 2F
2-2: Ground out 6-3 (Groundball, 4MD)
Batting: SHB Robbie Grossman 0-0: Ball
1-0: Ball
2-0: Called Strike
2-1: Ball
3-1: Called Strike
3-2: Foul Ball, location: 2F
3-2: Strikes out swinging
Batting: RHB Matt Duffy 0-0: Ball
1-0: Ball
2-0: Ground out 6-3 (Groundball, 6)
Bottom of the 4th over - 1 run, 1 hit, 0 errors, 0 left on base; Texas 0 - Tampa Bay 3
TOP OF THE 5TH
Texas Rangers batting - Pitching for Tampa Bay Rays : RHP Jake Arrieta
Batting: RHB Andrelton Simmons 0-0: Bunt for hit - play at first, batter OUT! 3-4
Batting: LHB Joc Pederson 0-0: Called Strike
0-1: Foul Ball, location: 2F
0-2: Foul Ball, location: 2F
0-2: Foul Ball, location: 2F
0-2: Ball
1-2: Strikes out swinging
Batting: SHB Asdrubal Cabrera 0-0: Fly out, F7 (Flyball, 7)
Top of the 5th over - 0 runs, 0 hits, 0 errors, 0 left on base; Texas 0 - Tampa Bay 3
BOTTOM OF THE 5TH
Tampa Bay Rays batting - Pitching for Texas Rangers : RHP Yonny Chirinos
Batting: LHB Michael Conforto 0-0: Called Strike
0-1: Foul Ball, location: 2F
0-2: Ball
1-2: Ball
2-2: Ball
3-2: Fly out, F9 (Flyball, 9S)
Batting: RHB Gary Sanchez 0-0: Ball
1-0: Called Strike
1-1: Ball
2-1: Foul Ball, location: 2F
2-2: DOUBLE (Groundball, 5L)
Batting: LHB Joey Votto 0-0: Reached on error, E5 (Groundball, 56)
Gary Sanchez scores
Batting: RHB A.J. Pollock 0-0: Ball
1-0: Called Strike
1-1: Ball
2-1: Swinging Strike
2-2: Ball
3-2: SINGLE (Groundball, 56D)
Joey Votto to third
Runner from 3rd tries for Home, SAFE, throw made home
Batting: LHB Adam Eaton 0-0: Fly out, F5 (Line Drive, 5)
Batting: RHB Adrian Beltre 0-0: Foul Ball, location: 2F
0-1: Ball
1-1: Called Strike
1-2: Ball
2-2: SINGLE (Groundball, 56D)
A.J. Pollock to second
Batting: SHB Neil Walker 0-0: Called Strike
0-1: Ball
1-1: Foul Ball, location: 2F
1-2: Fly out, F3 (Line Drive, 3)
Bottom of the 5th over - 2 runs, 3 hits, 1 error, 2 left on base; Texas 0 - Tampa Bay 5
TOP OF THE 6TH
Texas Rangers batting - Pitching for Tampa Bay Rays : RHP Jake Arrieta
Batting: LHB Miguel Montero 0-0: Ball
1-0: Foul Ball, location: 2F
1-1: Called Strike
1-2: Strikes out looking
Pitching: RHP Erasmo Ramirez
Batting: LHB Ender Inciarte 0-0: Called Strike
0-1: Called Strike
0-2: Ball
1-2: Ball
2-2: Ball
3-2: Foul Ball, location: 2F
3-2: Foul Ball, location: 2F
3-2: Foul Ball, location: 2F
3-2: SINGLE (Line Drive, 7S)
Batting: SHB Cesar Hernandez 0-0: Ball
1-0: Ball
2-0: Foul Ball, location: 2F
2-1: Foul Ball, location: 2F
2-2: Strikes out looking
Batting: LHB Bryce Harper 0-0: Ball
1-0: Foul Ball, location: 2F
1-1: Called Strike
Ender Inciarte is caught stealing 2nd base
Top of the 6th over - 0 runs, 1 hit, 0 errors, 0 left on base; Texas 0 - Tampa Bay 5
BOTTOM OF THE 6TH
Tampa Bay Rays batting - Pitching for Texas Rangers : RHP Yonny Chirinos
Pitching: RHP Matt Bowman
Batting: SHB Robbie Grossman 0-0: Ball
1-0: Ball
2-0: Foul Ball, location: 2F
2-1: Foul Ball, location: 2F
2-2: Foul Ball, location: 2F
2-2: Ball
3-2: Fly out, F8 (Line Drive, 8RD)
Batting: RHB Matt Duffy 0-0: Ball
1-0: Swinging Strike
1-1: Ball
2-1: Foul Ball, location: 2F
2-2: Hit by Pitch
Batting: LHB Michael Conforto 0-0: Ball
Wild Pitch!
Matt Duffy to second
1-0: Ball
2-0: Ball
3-0: Fly out, F4 (Line Drive, 4)
Batting: RHB Gary Sanchez 0-0: Ball
1-0: Reached via error on a dropped throw, E3 (Groundball, 5)
Matt Duffy to third
Pitching: RHP Trevor Hildenberger
Batting: LHB Joey Votto 0-0: Foul Ball, location: 2F
0-1: Called Strike
0-2: Foul Ball, location: 2F
0-2: Ball
1-2: Ground out 4-3 (Groundball, 34)
Bottom of the 6th over - 0 runs, 0 hits, 1 error, 2 left on base; Texas 0 - Tampa Bay 5
TOP OF THE 7TH
Texas Rangers batting - Pitching for Tampa Bay Rays : RHP Erasmo Ramirez
Batting: LHB Bryce Harper 0-0: Ball
1-0: Ball
2-0: Ball
3-0: Base on Balls
Batting: LHB Eric Thames 0-0: Fly out, F8 (Flyball, 8RM)
Batting: SHB Jeimer Candelario 0-0: Called Strike
0-1: Ball
1-1: Foul Ball, location: 2F
1-2: Ball
2-2: Ball
3-2: Foul Ball, location: 2F
3-2: Foul Ball, location: 2F
3-2: Fly out, F7 (Flyball, 78S)
Pitching: RHP Matt Andriese
Batting: RHB Andrelton Simmons 0-0: Called Strike
0-1: Fielders Choice at 2nd, 6-4 (Groundball, 6)
Top of the 7th over - 0 runs, 0 hits, 0 errors, 1 left on base; Texas 0 - Tampa Bay 5
BOTTOM OF THE 7TH
Tampa Bay Rays batting - Pitching for Texas Rangers : RHP Trevor Hildenberger
Batting: RHB A.J. Pollock 0-0: Ball
1-0: Ground out 1-3 (Groundball, 13)
Batting: LHB Adam Eaton 0-0: Called Strike
0-1: Foul Ball, location: 2F
0-2: Ball
1-2: Ball
2-2: Fly out, F6 (Popup, P)
Batting: RHB Adrian Beltre 0-0: DOUBLE (Line Drive, 89D)
Batting: SHB Neil Walker 0-0: Fly out, F9 (Flyball, 89S)
Bottom of the 7th over - 0 runs, 1 hit, 0 errors, 1 left on base; Texas 0 - Tampa Bay 5
TOP OF THE 8TH
Texas Rangers batting - Pitching for Tampa Bay Rays : RHP Matt Andriese
Batting: LHB Joc Pederson 0-0: Foul Ball, location: 2F
0-1: Ball
1-1: SOLO HOME RUN (Flyball, 89XD), Distance : 380 ft
Batting: SHB Asdrubal Cabrera 0-0: Ground out 1-3 (Groundball, P)
Batting: LHB Miguel Montero 0-0: Ball
1-0: Ground out 4-3 (Groundball, 4)
Batting: LHB Ender Inciarte 0-0: Swinging Strike
0-1: Ball
1-1: Ball
2-1: Fly out, F6 (Line Drive, 6)
Top of the 8th over - 1 run, 1 hit, 0 errors, 0 left on base; Texas 1 - Tampa Bay 5
BOTTOM OF THE 8TH
Tampa Bay Rays batting - Pitching for Texas Rangers : RHP Trevor Hildenberger
Pitching: RHP Will Harris
Batting: SHB Robbie Grossman 0-0: Swinging Strike
0-1: Ball
1-1: Swinging Strike
1-2: Strikes out swinging, 2-3 out at first.
Batting: RHB Matt Duffy 0-0: Ball
1-0: Swinging Strike
1-1: Foul Ball, location: 2F
1-2: Strikes out looking
Batting: LHB Michael Conforto 0-0: Ball
1-0: Swinging Strike
1-1: Ball
2-1: Called Strike
2-2: Strikes out swinging
Bottom of the 8th over - 0 runs, 0 hits, 0 errors, 0 left on base; Texas 1 - Tampa Bay 5
TOP OF THE 9TH
Texas Rangers batting - Pitching for Tampa Bay Rays : RHP Matt Andriese
Batting: SHB Cesar Hernandez 0-0: Swinging Strike
0-1: Ball
1-1: Ball
2-1: Foul Ball, location: 2F
2-2: Ball
3-2: Base on Balls
Batting: LHB Bryce Harper 0-0: Ball
1-0: Called Strike
1-1: Swinging Strike
1-2: Foul Ball, location: 2F
1-2: Strikes out swinging
Batting: LHB Eric Thames 0-0: Fly out, F8 (Flyball, 8RD)
Batting: SHB Jeimer Candelario 0-0: Ball
1-0: Ball
2-0: Fielders Choice at 2nd, 6-4 (Groundball, 6)
Top of the 9th over - 0 runs, 0 hits, 0 errors, 1 left on base; Texas 1 - Tampa Bay 5
Thursday, June 7th, 2018 - OOTP Baseball 19.6 Build 53